 Dungeon Crawl Stone Soup version 0.26-a0-259-g1effd001a9 (webtiles) character file.

Game seed: 4739591316445094120

194 1player the Covered (level 5, 43/43 HPs)
             Began as a Gnoll Wanderer on July 15, 2020.
             Was an Initiate of Okawaru.
             Quit the game on level 4 of the Dungeon.
             The game lasted 00:08:58 (3552 turns).

1player the Covered (Gnoll Wanderer)                Turns: 3552, Time: 00:08:59

Health: 43/43      AC: 11    Str: 14    XL:     5   Next: 73%
Magic:  9/9        EV: 10    Int: 17    God:    Okawaru [......]
Gold:   144        SH:  0    Dex: 13    Spells: 9/10 levels left

rFire    . . .     SeeInvis .   B - +1 mace (protect)
rCold    . . .     Faith    .   (no shield)
rNeg     . . .     Spirit   .   c - +2 scale mail
rPois    .         Reflect  .   (no helmet)
rElec    .         Harm     .   s - scarf {+Inv}
rCorr    .                      o - +0 pair of gloves
MR       .....                  (no boots)
Stlth    +.........             (no amulet)
HPRegen  0.14/turn              (no ring)
MPRegen  0.11/turn              (no ring)

@: no status effects
A: distributed training, fangs 1, strong nose
a: Renounce Religion, Evoke Invisibility


You were on level 4 of the Dungeon.
You worshipped Okawaru.
Okawaru was noncommittal.
You were not hungry.

You visited 1 branch of the dungeon, and saw 4 of its levels.

You collected 144 gold pieces.

Inventory:

Hand Weapons
 B - a +1 mace of protection (weapon)
Missiles
 h - 14 sling bullets
 i - 7 javelins (quivered)
 t - 2 atropa-tipped darts
 v - 2 throwing nets
 z - 2 boomerangs
Armour
 c - a +2 scale mail (worn)
 o - a +0 pair of gloves (worn)
 s - a scarf of invisibility (worn)
Wands
 q - a wand of flame (24)
Scrolls
 f - a scroll of blinking {unknown}
 k - a scroll of magic mapping
 l - a scroll of fear {unknown}
 n - a scroll of teleportation
 r - 2 scrolls of identify {@r1}
 u - a scroll of noise {unknown}
 y - a scroll of remove curse {@r2}
 A - a scroll of amnesia
Potions
 g - a potion of flight {unknown}
 j - a potion of berserk rage
 m - 3 potions of curing {@q1}
 p - a potion of might {unknown}
 w - 2 potions of heal wounds {@q2}
 x - a potion of ambrosia {unknown}
 C - a potion of lignification {unknown}
 D - a potion of resistance {unknown}
Comestibles
 e - 13 rations {!d}


   Skills:
 + Level 4.8 Fighting
 + Level 1.6 Short Blades
 + Level 1.6 Long Blades
 + Level 1.6 Axes
 + Level 1.6 Maces & Flails
 + Level 1.6 Polearms
 + Level 1.6 Staves
 + Level 1.6 Slings
 + Level 1.6 Bows
 + Level 1.6 Crossbows
 + Level 1.6 Throwing
 + Level 6.7 Armour
 + Level 1.6 Dodging
 + Level 2.8 Stealth
 + Level 1.6 Shields
 + Level 1.6 Unarmed Combat
 + Level 3.2 Spellcasting
 + Level 1.2 Conjurations
 + Level 1.2 Hexes
 + Level 1.2 Charms
 + Level 1.2 Summonings
 + Level 4.0 Necromancy
 + Level 1.2 Translocations
 + Level 1.2 Transmutations
 + Level 1.2 Fire Magic
 + Level 1.2 Ice Magic
 + Level 1.2 Air Magic
 + Level 1.2 Earth Magic
 + Level 1.2 Poison Magic
 + Level 1.8 Invocations
 + Level 3.0 Evocations


You had 9 spell levels left.
You knew the following spells:

 Your Spells              Type           Power        Failure   Level
a - Sandblast             Erth           #.....       36%         1

Your spell library contained the following spells:

 Spells                   Type           Power        Failure   Level
 Stone Arrow              Conj/Erth      #.....       73%         3


Dungeon Overview and Level Annotations

Branches:
Dungeon (4/15)
 Temple: D:4-7

Altars:
Hepliaklqana
Okawaru
Uskayaw
Zin


Innate Abilities, Weirdness & Mutations

Your experience applies equally to all skills.
You have very sharp teeth.
Your uncanny sense of smell can sniff out nearby items.


Message History

There is a stone staircase leading down here.
You climb downwards.
There is a stone staircase leading up here.
As you read the scroll labeled EKHUHOMING, it crumbles to dust.
You feel blessed for a moment.
It was a scroll of remove curse.
As you read the scroll labeled YDUZEDWOGE, it crumbles to dust.
It is a scroll of amnesia.
Really abort (and waste the scroll)? [Y]es or [N]o only, please.
Really abort (and waste the scroll)? [Y]es or [N]o only, please.
Really abort (and waste the scroll)?
Okay, then.
Found a golden potion.
C - a golden potion
Found a bubbling black potion.
Found a potion of curing.
D - a bubbling black potion
m - 3 potions of curing {@q1} (gained 1) Are you sure you want to abandon this character and quit the game? (Confirm with "yes".)

##########
#.@.......
#.########
#.#.....#
#.#.###.#
#.#.#<#.#
#.#.#.#.#
#.#...#.#
#.#####.#
#.......#


There were no monsters in sight!

Vanquished Creatures
  An orc priest (D:2)
  A hound (D:1)
  Terence (D:3)
  2 adders (D:3)
  3 gnolls (D:3)
  An ooze (D:3)
  2 dart slugs (D:1)
  A leopard gecko (D:1)
  4 orcs (D:3)
  A ball python (D:2)
  4 giant cockroaches
  8 goblins
  2 hobgoblins
  7 kobolds
  11 bats
  4 frilled lizards (D:1)
  2 rats (D:2)
55 creatures vanquished.

Notes
Turn   | Place    | Note
-------+----------+-------------------------------------------
     0 | D:1      | 1player the Gnoll Wanderer began the quest for the Orb.
     0 | D:1      | 1player set off with the following items: a +0 spear, a +2
                  | scale mail, 2 rations {!d}; and the following spell
                  | memorised: Sandblast; and the following spells available to
                  | memorise: Stone Arrow
     0 | D:1      | Reached XP level 1. HP: 20/20 MP: 4/4
   322 | D:1      | Reached XP level 2. HP: 26/26 MP: 5/5
   412 | D:1      | Found an iron altar of Okawaru.
   425 | D:1      | Became a worshipper of Warmaster Okawaru
   696 | D:1      | Reached XP level 3. HP: 31/31 MP: 7/7
  1135 | D:1      | Reached skill level 1 in Short Blades
  1135 | D:1      | Reached skill level 1 in Long Blades
  1135 | D:1      | Reached skill level 1 in Axes
  1135 | D:1      | Reached skill level 1 in Maces & Flails
  1135 | D:1      | Reached skill level 1 in Polearms
  1135 | D:1      | Reached skill level 1 in Staves
  1135 | D:1      | Reached skill level 1 in Slings
  1135 | D:1      | Reached skill level 1 in Bows
  1135 | D:1      | Reached skill level 1 in Crossbows
  1135 | D:1      | Reached skill level 1 in Throwing
  1135 | D:1      | Reached skill level 1 in Dodging
  1135 | D:1      | Reached skill level 1 in Shields
  1135 | D:1      | Reached skill level 1 in Unarmed Combat
  1135 | D:1      | Reached skill level 1 in Invocations
  1441 | D:2      | Reached XP level 4. HP: 37/38 MP: 8/8
  2232 | D:2      | Reached skill level 1 in Conjurations
  2232 | D:2      | Reached skill level 1 in Hexes
  2232 | D:2      | Reached skill level 1 in Charms
  2232 | D:2      | Reached skill level 1 in Summonings
  2232 | D:2      | Reached skill level 1 in Translocations
  2232 | D:2      | Reached skill level 1 in Transmutations
  2232 | D:2      | Reached skill level 1 in Fire Magic
  2232 | D:2      | Reached skill level 1 in Ice Magic
  2232 | D:2      | Reached skill level 1 in Air Magic
  2232 | D:2      | Reached skill level 1 in Earth Magic
  2232 | D:2      | Reached skill level 1 in Poison Magic
  2610 | D:3      | Reached XP level 5. HP: 41/43 MP: 9/9
  3035 | D:3      | Noticed Terence
  3045 | D:3      | Killed Terence
  3128 | D:3      | Found a hazy altar of Hepliaklqana.
  3186 | D:3      | Found a glowing silver altar of Zin.
  3375 | D:3      | Found a hide-covered altar of Uskayaw.
  3552 | D:4      | Quit the game

Illustrated notes

Levels and vault maps discovered:
D:1:      lemuel_arrival_broad_hall, layout_basic, okawaru_ov_weapons_minmay
D:2:      layout_basic
D:3:      layout_basic, lemuel_crystal_altar, overflow_temple_1_default,
          marbit_many_paths, uniq_terence
D:4:      layout_basic, first_ration

Skill      XL: |  1  2  3  4  5 |
---------------+----------------+-----
Short Blades   | 1 |  1.6
Long Blades    | 1 |  1.6
Axes           | 1 |  1.6
Maces & Flails | 1 |  1.6
Polearms       | 1 |  1.6
Staves         | 1 |  1.6
Slings         | 1 |  1.6
Bows           | 1 |  1.6
Crossbows      | 1 |  1.6
Throwing       | 1 |  1.6
Dodging        | 1 |  1.6
Shields        | 1 |  1.6
Unarmed Combat | 1 |  1.6
Invocations    | 1 |  1.8
Spellcasting   | 3 |  3.2
Conjurations   | 1 |  1.2
Hexes          | 1 |  1.2
Charms         | 1 |  1.2
Summonings     | 1 |  1.2
Translocations | 1 |  1.2
Transmutations | 1 |  1.2
Fire Magic     | 1 |  1.2
Ice Magic      | 1 |  1.2
Air Magic      | 1 |  1.2
Earth Magic    | 1 |  1.2
Poison Magic   | 1 |  1.2
Necromancy     | 4 |  4.0
Evocations     | 3 |  3.0
Fighting       | |  4.8
Armour         | |  6.7
Stealth        | |  2.8

Action                   |  1- 3 |  4- 6 || total
-------------------------+-------+-------++-------
Melee: Spear             |    73 |   154 ||   227
       Bite              |     4 |    16 ||    20
       Punch             |       |     1 ||     1
       Mace              |       |     7 ||     7
Throw: Javelin           |     9 |    16 ||    25
  Use: Scroll            |       |     7 ||     7
       Potion            |       |     1 ||     1
  Eat: Ration            |     1 |     2 ||     3
Armor: Scale mail        |    34 |    76 ||   110
Dodge: Dodged            |    27 |    99 ||   126

Table legend:
 A = Non-vault XP
 B = Vault XP
 C = Vault XP percentage of total XP
 D = Non-vault monster count
 E = Vault monster count
 F = Vault count percentage of total count
                 A         B        C        D         E       F
            +---------+---------+-------+---------+---------+-------
      Total |     240 |      38 |  13.7 |      53 |       2 |   3.6
            +---------+---------+-------+---------+---------+-------
        D:1 |      76 |       0 |   0.0 |      20 |       0 |   0.0
        D:2 |      62 |       0 |   0.0 |      15 |       0 |   0.0
        D:3 |     102 |      38 |  27.1 |      18 |       2 |  10.0
            +---------+---------+-------+---------+---------+-------
